 Dungeon Crawl Stone Soup version 0.17-a0-1497-g03599f7 (webtiles) character file.

251 MackTheKnife the Poker (level 6, 2/48 HPs)
             Began as a Merfolk Artificer on June 25, 2015.
             Was an Initiate of Dithmenos.
             Quit the game on level 5 of the Dungeon on July 6, 2015.
             The game lasted 00:07:07 (4094 turns).

MackTheKnife the Poker (Merfolk Artificer)          Turns: 4094, Time: 00:07:07

Health: 2/48       AC:  5    Str: 11    XL:     6   Next: 13%
Magic:  8/8        EV: 11    Int: 12    God:    Dithmenos [......]
Gold:   108        SH:  0    Dex: 16    Spells: 0 memorised, 5 levels left

rFire  . . .     SeeInvis .     t - +4 spear (pierce)
rCold  . . .     Clarity  .     s - +0 ring mail {rPois}
rNeg   . . .     SustAt   .     (no shield)
rPois  +         Gourm    .     (no helmet)
rElec  .         Spirit   .     (no cloak)
rCorr  .         Warding  .     (no gloves)
rMut   .         Stasis   .     (no boots)
MR     .....                    (no amulet)
Stlth  +.........               (no ring)
                                (no ring)

@: lethally poisoned (2 -> -2), not resistant to hostile enchantments, very
unstealthy
A: change form in water, swift swim
a: Renounce Religion


You were on level 5 of the Dungeon.
You worshipped Dithmenos.
Dithmenos was noncommittal.
You were not hungry.

You visited 1 branch of the dungeon, and saw 5 of its levels.

You collected 108 gold pieces.

Inventory:

Hand weapons
 a - a +2 dagger of venom
   (You took it off an orc wizard on level 4 of the Dungeon)
 c - a +0 dagger
   (You took it off a goblin on level 4 of the Dungeon)
 t - a +4 spear of piercing (weapon)
   (You took it off Robin on level 4 of the Dungeon)
Missiles
 h - 2 throwing nets {=f, !d}
Armour
 s - a +0 ring mail of poison resistance (worn)
   (You found it on level 1 of the Dungeon)
 z - a +0 helmet
   (You found it on level 4 of the Dungeon)
 E - a +0 helmet
   (You took it off Robin on level 4 of the Dungeon)
Jewellery
 g - an uncursed ring of positive energy {unknown}
   (You found it on level 3 of the Dungeon)
Magical devices
 d - a wand of enslavement (13)
Scrolls
 b - 3 scrolls of magic mapping {unknown}
 j - 2 scrolls of blinking {unknown}
 k - 2 scrolls of amnesia
 l - 3 scrolls of teleportation
 n - 3 scrolls of remove curse {unknown}
 p - 2 scrolls of recharging {unknown}
 u - 2 scrolls of noise {!r}
 v - 2 scrolls of identify
 C - a scroll of enchant weapon {unknown}
Potions
 e - a potion of mutation {unknown}
 i - a potion of flight {unknown}
 o - a potion of might {unknown}
 r - a potion of magic {unknown}
 w - a potion of brilliance {unknown}
 A - a potion of invisibility {unknown}
 D - a potion of cancellation {unknown}
Miscellaneous
 y - a plain deck of destruction {drawn: 3}
   (Nemelex Xobeh gifted it to you on level 3 of the Dungeon)
 B - a plain deck of war
   (Nemelex Xobeh gifted it to you on level 3 of the Dungeon)
Comestibles
 f - 3 bread rations {@e1}
 m - a meat ration {@e2}
 x - a royal jelly


   Skills:
 - Level 4.1 Fighting
 - Level 1.2 Short Blades
 + Level 5.9 Polearms
 - Level 2.6 Dodging
 - Level 1.9 Stealth
 - Level 3.0 Evocations


You had 5 spell levels left.
You didn't know any spells.

Dungeon Overview and Level Annotations

Branches:
Dungeon (5/15)
 Temple: D:4-7

Altars:
Dithmenos
Nemelex Xobeh

Annotations:
D:4 Dowan


Message History

You puncture the killer bee! The killer bee closely misses you.
You hit the killer bee.
The killer bee stings you but does no damage.
The killer bee completely misses you.
A killer bee comes into view.
You miss the killer bee.
The killer bee buzzes angrily.
The killer bee stings you. The killer bee closely misses you.
A killer bee comes into view.
You take 3 damage, and have 45/48 hp.
You completely miss the killer bee. The killer bee closely misses you.
You barely miss the killer bee. The killer bee stings you.
You are poisoned.
The killer bee poisons you!
The killer bee stings you but does no damage.
A killer bee comes into view.
You take 6 damage, and have 39/48 hp.
You miss the killer bee.
You feel sick. The killer bee stings you. The killer bee stings you!
The killer bee moves out of view.
You take 14 damage, and have 25/48 hp.
MASSIVE DAMAGE!!
You closely miss the killer bee. The killer bee stings you.
You are more poisoned.
The killer bee poisons you!
You take 5 damage, and have 20/48 hp.
Drink which item? (? for menu, Esc to quit)
You feel much better.
You feel sick.
The killer bee buzzes angrily.
The killer bee barely misses you. x2
You regained 26 hp, and now have 46/48 hp.
You closely miss the killer bee.
You feel sick. The killer bee stings you!
You are more poisoned.
The killer bee poisons you! The killer bee stings you!
You take 16 damage, and have 30/48 hp.
MASSIVE DAMAGE!!
Read which item? (? for menu, Esc to quit)
As you read the scroll labeled YHUAGU ATZEUPS, it crumbles to dust.
It is a scroll of identify.
Identify which item? (\ to view known items) (? for menu, Esc to quit)
k - 2 scrolls of amnesia You feel sick.
The killer bee stings you.
The killer bee stings you but does no damage.
A killer bee comes into view.
You take 6 damage, and have 24/48 hp.
Read which item? (? for menu, Esc to quit)
As you read the scroll labeled XARCHE QAIHOTH, it crumbles to dust.
You hear a loud clanging noise!
It was a scroll of noise.
You feel sick. The killer bee stings you. The killer bee closely misses you.
You take 4 damage, and have 20/48 hp.
Read which item? (? for menu, Esc to quit)
As you read the scroll labeled WYRHOY UFITWYXU, it crumbles to dust.
You feel strangely unstable.
It was a scroll of teleportation.
You feel sick. The killer bee stings you. The killer bee stings you.
* * * LOW HITPOINT WARNING * * *
You take 9 damage, and have 11/48 hp.
* * * LOW HITPOINT WARNING * * *
You feel sick. The killer bee completely misses you.
You take 1 damage, and have 10/48 hp.
Unknown command.
* * * LOW HITPOINT WARNING * * *
You feel sick.
The killer bee stings you but does no damage.
You take 1 damage, and have 9/48 hp.
Your surroundings suddenly seem different.
* * * LOW HITPOINT WARNING * * *
You feel sick.
You take 1 damage, and have 8/48 hp.
* * * LOW HITPOINT WARNING * * *
You feel sick.
The orc priest shouts!
The orc priest casts a cantrip, but nothing happens.
You take 1 damage, and have 7/48 hp.
* * * LOW HITPOINT WARNING * * *
You feel sick.
You take 1 damage, and have 6/48 hp.
* * * LOW HITPOINT WARNING * * *
You feel sick.
* * * LOW HITPOINT WARNING * * *
You feel sick.
There is a stone staircase leading down here.
You take 1 damage, and have 5/48 hp.
* * * LOW HITPOINT WARNING * * *
You feel sick.
You climb downwards.
A hound and a jelly come into view.
The jelly quivers.
There is a stone staircase leading up here.
You take 1 damage, and have 4/48 hp.
* * * LOW HITPOINT WARNING * * *
You feel sick.
You take 1 damage, and have 3/48 hp.
* * * LOW HITPOINT WARNING * * *
You feel sick. The hound bites you but does no damage.
You take 1 damage, and have 2/48 hp.
* * * LOW HITPOINT WARNING * * *
You feel sick.
Quiver which item? (- for none, * to show all) (? for menu, Esc to quit)
Okay, then.

+# .#
########.#
#...@hJ..######
#.#####........
#.<...####
##....# ...#.#
#####.# . #


You could see a hound and a jelly.

Vanquished Creatures
  Duvessa (D:4)
  2 orc wizards (D:4)
  Robin (D:4)
  2 adders
  A worm (D:2)
  3 giant geckos
  4 orcs
  2 giant cockroaches (D:2)
  7 hobgoblins
  7 jackals
  A quokka (D:2)
  3 bats
  12 goblins
  8 kobolds
  9 rats
63 creatures vanquished.

Vanquished Creatures (collateral kills)
  A worm (D:3)
1 creature vanquished.

Vanquished Creatures (others)
  A goblin (D:4)
1 creature vanquished.

Grand Total: 65 creatures vanquished

Notes
Turn   | Place    | Note
--------------------------------------------------------------
     0 | D:1      | MackTheKnife the Merfolk Artificer began the quest for the Orb.
     0 | D:1      | Reached XP level 1. HP: 15/15 MP: 3/3
   795 | D:1      | Reached skill level 2 in Fighting
   873 | D:1      | Reached XP level 2. HP: 15/22 MP: 4/4
  1525 | D:2      | Reached skill level 3 in Fighting
  1530 | D:2      | Reached XP level 3. HP: 20/29 MP: 5/5
  1993 | D:2      | Upgraded the game from 0.17-a0-1430-g49fde19 to 0.17-a0-1446-gc28613e
  2040 | D:2      | Upgraded the game from 0.17-a0-1446-gc28613e to 0.17-a0-1464-g59a308b
  2633 | D:3      | Found a faded altar to an unknown god.
  2640 | D:3      | Became a worshipper of Nemelex Xobeh the Trickster
  2640 | D:3      | Received a gift from Nemelex Xobeh
  2640 | D:3      | Received a gift from Nemelex Xobeh
  2754 | D:3      | Reached skill level 4 in Fighting
  2944 | D:3      | Reached XP level 4. HP: 33/37 MP: 6/6
  2951 | D:3      | Upgraded the game from 0.17-a0-1464-g59a308b to 0.17-a0-1497-g03599f7
  3008 | D:3      | Found a shadowy altar of Dithmenos.
  3108 | D:3      | Fell from the grace of Nemelex Xobeh
  3108 | D:3      | Became a worshipper of Dithmenos the Shadowed
  3203 | D:4      | Noticed Robin
  3213 | D:4      | HP: 8/37 [goblin/club[Robin] (3)]
  3214 | D:4      | HP: 3/37 [goblin/club[Robin] (3)]
  3223 | D:4      | Was placed under penance by Dithmenos
  3223 | D:4      | Killed Robin
  3223 | D:4      | Was forgiven by Dithmenos
  3494 | D:4      | Noticed Dowan
  3497 | D:4      | Noticed Duvessa
  3507 | D:4      | HP: 9/37 [Duvessa/short sword of freezing (3)]
  3509 | D:4      | Killed Duvessa
  3509 | D:4      | Reached skill level 4 in Polearms
  3509 | D:4      | Reached XP level 5. HP: 7/42 MP: 7/7
  3779 | D:4      | Reached skill level 5 in Polearms
  3786 | D:4      | Reached XP level 6. HP: 17/48 MP: 8/8
  4080 | D:4      | HP: 11/48 [killer bee (4)]
  4085 | D:4      | HP: 6/48 [poisoned by a killer bee]
  4089 | D:5      | Entered Level 5 of the Dungeon
  4090 | D:5      | HP: 3/48 [poisoned by a killer bee]
  4094 | D:5      | Quit the game

Vault maps used:
D:1:      elethiomel_arrival_maze, roderic_roman_lattice,
          kennysheep_decorative_pillar, minmay_quantized
D:2:      first_bread
D:3:      grunt_dithmenos_smoke, ecumenical_altar_2
D:4:      serial_curves, eino_curves_01, eino_curves_04, serial_shops,
          shop_fountains, uniq_duvessa, uniq_robin
D:5:      tgw_xom, minmay_temple_entry_junction2

Action                   |  1- 3 |  4- 6 || total
-------------------------+-------+-------++-------
Melee: Short sword       |   187 |    35 ||   222
       Spear             |       |    44 ||    44
Evoke: Wand              |     5 |     3 ||     8
       Deck              |     3 |       ||     3
  Use: Potion            |       |     4 ||     4
       Scroll            |       |     3 ||     3
 Stab: Sleeping          |       |     1 ||     1
  Eat: Chunk             |     3 |       ||     3
       Beef jerky        |     2 |       ||     2
       Pizza             |       |     1 ||     1
       Bread ration      |       |     1 ||     1

Vault maps used:
D:1:      elethiomel_arrival_maze, roderic_roman_lattice,
          kennysheep_decorative_pillar, minmay_quantized
D:2:      first_bread
D:3:      grunt_dithmenos_smoke, ecumenical_altar_2
D:4:      serial_curves, eino_curves_01, eino_curves_04, serial_shops,
          shop_fountains, uniq_duvessa, uniq_robin
D:5:      tgw_xom, minmay_temple_entry_junction2

Table legend:
 A = Turns spent in this place as a percentage of turns spent in the entire game.
 B = Non-inter-level travel turns spent in this place as a percentage of non-inter-level travel turns spent in the entire game.
 C = Inter-level travel turns spent in this place as a percentage of turns spent in this place.
 D = Turns resting spent in this place as a percentage of non-inter-level travel turns spent in this place.
 E = Turns spent auto-exploring this place as a percentage of non-inter-level travel turns spent in this place.
 F = Non-inter-level travel turns spent in this place divided by the number of levels of this place that you've seen.
                   A       B       C       D       E      F
               +-------+-------+-------+-------+-------+----------------------
         Total | 100.0 | 100.0 |   0.5 |   3.7 |  10.4 | 195.8
       Dungeon | 100.0 | 100.0 |   0.5 |   3.7 |  10.4 | 195.8
               +-------+-------+-------+-------+-------+----------------------

Table legend:
 A = Kills in this place as a percentage of kills in entire the game.
 B = Kills by you in this place as a percentage of kills by you in the entire game.
 C = Kills by friends in this place as a percentage of kills by friends in the entire game.
 D = Other kills in this place as a percentage of other kills in the entire game.
 E = Experience gained in this place as a percentage of experience gained in the entire game.
 F = Experience gained in this place divided by the number of levels of this place that you have seen.
                   A       B       C       D       E      F
               +-------+-------+-------+-------+-------+----------------------
         Total | 100.0 | 100.0 | 100.0 |  -nan | 100.0 |  71.8
       Dungeon | 100.0 | 100.0 | 100.0 |  -nan | 100.0 |  71.8
               +-------+-------+-------+-------+-------+----------------------
